Map: Triton LE

Players

Future

  • Race: Terran Terran
  • Spawn Location: 11:00

Epic - Winner!

  • Race: Terran Terran
  • League: Master
  • Spawn Location: 5:00

Event: Cheeseadelphia XI, Cheeseadelphia XI

VOD

Have the link to the VOD?

Description

Time

  • Played on: Dec. 15, 2019, 10:53 a.m.
  • Length: 17:18

All games in this series

Show
View Real Time Build Order
Export as new Build Order

Future Terran 

Build Orders: Gas First Reaper Expand 

Get SALT Encoding   

  12  0:00  SCV  
  13  0:12  SCV  
  14  0:17  Supply Depot  
  14  0:25  SCV  
  15  0:29  Refinery  
  15  0:38  SCV  
  16  0:45  Barracks  
  16  0:50  SCV  
  17  1:03  SCV  
  18  1:15  SCV  
  19  1:32  Orbital Command, Reaper  
  20  1:44  Command Center  
  20  1:56  Factory  
  20  1:58  SCV  
  21  2:08  Refinery  
  21  2:11  Barracks Reactor, SCV  
  22  2:16  Supply Depot  
  22  2:23  SCV  
  23  2:38  SCV  
  23  2:43  Starport  
  24  2:52  SCV  
  24  2:55  Hellion x2  
  24  2:57  Barracks Tech Lab  
  29  2:59  Orbital Command  
  29  3:04  SCV  
  29  3:16  SCV  
  30  3:25  SCV  
  30  3:26  Marine  
  30  3:27  Raven, Factory Tech Lab, Marine  
  32  3:28  SCV  
  32  3:32  Bunker  
  36  3:35  Supply Depot  
  36  3:37  SCV  
  36  3:40  SCV  
  38  3:48  Cyclone  
  43  3:50  SCV  
  43  3:51  Marine  
  43  3:52  SCV, Marine  
  45  3:57  Supply Depot  
  45  4:02  SCV  
  46  4:04  SCV  
  47  4:12  Barracks  
  47  4:14  SCV  
  47  4:16  SCV  
  49  4:17  Starport Reactor  
  49  4:20  Marine  
  49  4:21  Stimpack  
  49  4:22  Barracks  
  50  4:26  SCV  
  50  4:27  Supply Depot  
  50  4:29  SCV  
  52  4:44  Marine  
  52  4:45  SCV, Siege Tank  
  55  4:48  SCV  
  53  4:57  SCV  
  53  4:58  Viking  
  56  5:03  SCV  
  57  5:08  Marine  
  57  5:09  Marine  
  57  5:10  Marine x2  
  57  5:12  SCV  
  62  5:16  Engineering Bay, Supply Depot  
  62  5:17  Refinery  
  62  5:20  Siege Tank  
  65  5:26  Marine  
  65  5:27  Marine  
  65  5:28  Marine x2  
  69  5:44  Marine  
  69  5:45  Supply Depot, SCV, Marine  
  69  5:46  Marine  
  69  5:48  Medivac  
  75  5:50  Refinery  
  75  5:51  Medivac  
  75  5:53  Marine  
  75  5:54  SCV  
  75  5:57  SCV  
  80  6:02  Marine  
  81  6:06  SCV  
  81  6:07  Marine  
  81  6:08  Siege Tank, Marine  
  85  6:14  Marine  
  86  6:20  Medivac  
  86  6:21  Marine  
  86  6:25  Marine x2  
  90  6:30  Barracks x2  
  90  6:32  Marine  
  92  6:39  Marine  
  93  6:43  Marine x2  
  93  6:50  Marine  
  93  6:52  Medivac  
  93  6:53  Medivac  
  92  6:55  Siege Tank  
  92  6:57  Marine  
  92  7:00  Marine  
  86  7:01  Marine  
  86  7:08  Marine  
  86  7:11  Terran Infantry Weapons Level 1  
  84  7:17  Marine x2  
  84  7:19  Marine  
  88  7:25  Marine  
  80  7:30  Siege Tank  
  80  7:35  Marine x2  
  85  7:37  Marine  
  85  7:43  Marine  
  75  7:53  Marine x2  
  75  7:54  Marine  
  75  7:55  Medivac  
  76  8:01  Medivac  
  78  8:16  Barracks Reactor  
  78  8:17  Barracks Reactor  
  78  8:22  Marine  
  78  8:23  Command Center  
  78  8:26  Barracks  
  79  8:30  Medivac  
  79  8:31  Medivac  
  79  8:32  Supply Depot  
  79  8:33  Supply Depot, Marine  
  84  8:35  Marine  
  84  8:38  Siege Tank  
  79  8:55  Marine  
  74  8:58  Marine x6  
  78  9:03  SCV x2  
  78  9:05  Terran Infantry Armor Level 1  
  80  9:13  Siege Tank, Marine x2  
  80  9:15  Marine  
  80  9:16  Marine x4  
  88  9:17  SCV x2  
  88  9:19  Marine  
  91  9:31  Marine  
  90  9:33  Marine x4  
  90  9:34  Barracks Reactor  
  90  9:36  SCV x2  
  90  9:38  Marine  
  97  9:45  Marine  
  98  9:48  SCV  
  98  9:52  Marine x5  
  104  9:56  Marine  
  97  10:03  Marine  
  97  10:05  Siege Tank  
  101  10:10  Marine x5  
  101  10:12  SCV  
  101  10:14  Marine  
  105  10:21  Marine  
  97  10:25  SCV x2, Orbital Command  
  97  10:28  Marine  
  94  10:29  Marine x6  
  100  10:38  Siege Tank, Sensor Tower  
  100  10:41  Combat Shield  
  103  10:44  SCV x2  
  103  10:46  Marine  
  103  10:47  Marine x2  
  97  10:57  Marine x6  
  97  11:03  Marine  
  96  11:05  Marine x2  
  91  11:12  Siege Tank  
  91  11:15  Marine x6  
  100  11:21  Marine  
  100  11:22  Marine  
  100  11:29  Marine  
  101  11:32  Medivac x2, Marine  
  101  11:33  Marine x5  
  101  11:39  Marine  
  109  11:40  Marine  
  101  11:47  Marine  
  101  11:50  Marine  
  101  11:51  Siege Tank, Marine x5  
  108  11:57  Marine  
  108  11:58  Marine  
  110  12:05  Medivac, Marine  
  110  12:08  Marine  
  113  12:09  Marine x5  
  113  12:15  Marine  
  120  12:16  Marine  
  119  12:23  Marine  
  119  12:26  Marine x2  
  119  12:27  Marine x3  
  125  12:32  Marine x2  
  125  12:34  Marine  
  123  12:37  Siege Tank  
  125  12:44  Marine  
  125  12:47  Marine  
  124  12:51  Marine  
  124  13:03  Supply Depot, Marine  
  124  13:04  Supply Depot x3, Medivac x2  
  124  13:05  Supply Depot x3  
  125  13:08  Barracks  
  125  13:11  Marine  
  125  13:22  Orbital Command  
  125  13:25  Marine x4  
  126  13:29  Marine  
  114  13:40  Siege Tank  
  117  13:42  Marine x2  
  117  13:43  Marine x2  
  117  13:47  Marine  
  121  13:55  Medivac  
  125  14:00  Barracks Reactor, Marine  
  126  14:07  Marine x3  
  100  14:13  Siege Tank  
  89  14:18  Marine x2  
  89  14:23  Barracks  
  91  14:24  Marine  
  91  14:25  Marine x2  
  91  14:28  Refinery  
  92  14:33  Refinery  
  92  14:36  Marine x2  
  92  14:38  Marine  
  94  14:39  Marine  
  94  14:41  Liberator  
  94  14:42  Barracks, Marine x2  
  94  14:45  Siege Tank, Refinery, Marine  
  102  14:50  Refinery  
  102  14:54  Marine x2  
  102  14:56  Marine  
  102  14:57  Liberator, Marine  
  109  15:00  Marine x2  
  109  15:03  Marine  
  112  15:12  Marine x2  
  112  15:14  Marine  
  117  15:15  Marine  
  117  15:18  Marine x2  
  117  15:21  Marine  
  120  15:23  Siege Tank  
  123  15:29  Marine  
  123  15:30  Marine  
  123  15:32  Marine  
  123  15:33  Marine  
  127  15:36  Marine x3  
  127  15:38  Marine  
  100  15:45  Armory  
  100  15:46  Engineering Bay  
  100  15:47  Marine x2  
  100  15:49  Marine  
  100  15:51  Marine  
  100  15:54  Marine x3  
  100  15:55  Siege Tank  
  100  15:56  Marine  
  109  16:01  Viking  
  111  16:05  Marine x2  
  111  16:08  Marine  
  114  16:13  Marine  
  114  16:15  Marine  
  114  16:16  Marine x3  
  107  16:23  Marine x2  
  86  16:25  Marine  
  86  16:31  Marine  
  72  16:33  Marine x4  
Show
View Real Time Build Order
Export as new Build Order

Epic Terran - Winner!

Build Orders: Cyclone Opening 

Get SALT Encoding   

  12  0:00  SCV  
  13  0:12  SCV  
  14  0:17  Supply Depot  
  14  0:24  SCV  
  14  0:28  Refinery  
  15  0:38  SCV  
  16  0:44  Barracks  
  16  0:50  SCV  
  16  0:54  Refinery  
  17  1:02  SCV  
  18  1:15  SCV  
  19  1:31  Reaper  
  20  1:33  Orbital Command, Factory  
  20  1:42  Supply Depot  
  20  1:58  SCV  
  21  2:04  Reaper  
  22  2:10  SCV  
  23  2:17  Hellion  
  26  2:22  SCV  
  26  2:30  Command Center  
  26  2:34  SCV  
  27  2:38  Factory Tech Lab, Barracks Reactor  
  27  2:46  Starport  
  27  2:48  SCV  
  28  2:57  Cyclone  
  31  3:03  Supply Depot  
  31  3:24  Medivac, Marine x2  
  31  3:25  SCV  
  36  3:33  Siege Tank  
  39  3:37  Supply Depot  
  39  3:42  SCV, Marine x2  
  39  3:47  Orbital Command  
  42  3:54  SCV  
  43  4:07  Viking x2  
  43  4:09  SCV  
  48  4:12  SCV  
  49  4:21  SCV  
  50  4:24  SCV, Siege Tank  
  50  4:27  Marine  
  55  4:31  Supply Depot  
  52  4:42  SCV x2  
  47  4:49  Command Center  
  47  4:50  Viking  
  49  4:57  Viking  
  49  4:58  SCV  
  51  5:04  SCV  
  51  5:06  Marine  
  52  5:08  Refinery  
  52  5:11  SCV  
  53  5:16  SCV, Siege Tank  
  57  5:24  Marine  
  57  5:27  SCV  
  57  5:28  SCV  
  60  5:33  Viking  
  62  5:36  Supply Depot  
  62  5:40  Barracks  
  62  5:42  Barracks  
  62  5:44  Viking  
  62  5:49  SCV x2  
  66  5:52  Barracks Tech Lab  
  66  5:59  Supply Depot  
  66  6:00  Siege Tank  
  66  6:01  SCV x2  
  71  6:13  SCV x2  
  71  6:14  Viking  
  71  6:18  Viking  
  77  6:25  SCV x2  
  79  6:26  Orbital Command  
  79  6:34  Siege Tank  
  79  6:38  Refinery, Marine x3  
  85  6:40  SCV x2  
  87  6:49  Stimpack  
  84  6:56  Marine x3  
  75  7:06  Siege Tank  
  72  7:11  SCV x3  
  72  7:15  Marine x3  
  74  7:23  SCV  
  74  7:26  SCV x2  
  77  7:33  Marine x3  
  77  7:35  SCV  
  81  7:48  SCV x2  
  81  7:50  SCV  
  71  7:52  Barracks Reactor  
  71  7:53  Marine  
  71  7:57  Barracks x2  
  60  8:00  Engineering Bay x2, SCV x2  
  60  8:01  Barracks Reactor, Refinery  
  60  8:02  Siege Tank  
  60  8:04  Orbital Command  
  65  8:09  SCV  
  65  8:11  Medivac x2  
  69  8:13  Marine  
  69  8:16  SCV  
  71  8:21  SCV  
  72  8:28  Combat Shield, SCV, Marine x2  
  72  8:29  Supply Depot  
  72  8:31  Marine  
  72  8:33  SCV  
  77  8:36  Siege Tank  
  77  8:37  Marine x2  
  82  8:46  Marine x2  
  73  8:56  SCV  
  73  8:57  SCV x2  
  73  9:03  Marine x3  
  73  9:04  Marine  
  73  9:05  Barracks Reactor x2  
  73  9:07  Terran Infantry Weapons Level 1, Terran Infantry Armor Level 1  
  77  9:14  SCV  
  78  9:17  Medivac  
  78  9:20  Marine  
  78  9:21  Marine x4  
  85  9:26  SCV  
  85  9:27  Supply Depot  
  85  9:28  Orbital Command  
  86  9:35  Siege Tank  
  89  9:40  SCV x2  
  91  9:47  Marine x9  
  100  9:55  Medivac  
  100  9:56  SCV x2, Medivac  
  106  10:01  Supply Depot  
  106  10:04  Marine  
  106  10:05  Marine x5  
  106  10:14  Siege Tank  
  89  10:24  SCV x3  
  89  10:27  Marine x7  
  89  10:28  Medivac  
  101  10:31  Medivac  
  103  10:36  SCV, Marine  
  105  10:44  Marine  
  105  10:45  Marine x6  
  105  10:48  Siege Tank  
  114  10:54  Marine  
  107  11:02  Marine x7  
  106  11:06  Medivac  
  103  11:12  Marine  
  103  11:16  Medivac  
  106  11:20  Marine x7  
  106  11:22  Barracks  
  106  11:24  Barracks  
  113  11:29  Siege Tank  
  113  11:30  Marine  
  113  11:32  Supply Depot, SCV x3, Refinery x2  
  120  11:33  Supply Depot  
  120  11:36  Medivac  
  120  11:38  Marine x7  
  122  11:48  Marine  
  122  11:52  Armory  
  120  11:56  Marine x7  
  127  12:05  Marine, Command Center  
  127  12:06  Siege Tank  
  131  12:09  Marine  
  131  12:12  Medivac  
  131  12:13  Marine  
  131  12:14  Medivac, Marine  
  138  12:21  Marine x5  
  143  12:25  Marine x2  
  143  12:29  Marine  
  140  12:44  Orbital Command  
  140  13:01  Supply Depot  
  140  13:09  Terran Infantry Weapons Level 2  
  139  13:13  Terran Infantry Armor Level 2  
  139  13:16  Marine  
  139  13:17  Siege Tank, Medivac x2  
  132  13:36  Marine x10  
  137  13:47  Planetary Fortress  
  135  13:53  Marine  
  135  13:54  Orbital Command, Marine x6  
  142  14:04  Marine x3  
  123  14:11  Marine x4  
  123  14:16  Marine x3  
  119  14:21  Marine  
  119  14:22  Siege Tank, Marine x2  
  125  14:29  Marine x4  
  129  14:34  Marine x3  
  132  14:39  Marine x3  
  135  14:47  Factory, Marine x4  
  135  14:52  Marine x3  
  142  14:56  Siege Tank  
  142  14:57  Marine x3  
  148  15:04  Sensor Tower  
  148  15:05  Marine x4  
  152  15:08  Missile Turret  
  152  15:10  Missile Turret x2  
  152  15:18  Supply Depot x2  
  152  15:19  Supply Depot  
  152  15:21  Supply Depot  
  146  15:48  Marine x10  
  146  15:49  Liberator x2  
  156  15:50  Factory Tech Lab, Siege Tank  
  163  16:05  Marine  
  163  16:06  Marine  
  163  16:11  Marine x8  
  151  16:23  Marine x2  
  130  16:29  Marine x8  
  117  16:37  Siege Tank  
  117  16:38  Siege Tank  
  115  16:41  Marine x2  
  115  16:46  Marine  
  115  16:47  Marine x7  
  120  16:59  Marine x2  
Tags
 
Add a new tag
Caveats
  • Supply blocks, unpowered buildings, or Contaminate may cause inaccurate times.
  • Supply counts are checked every 10 seconds.